AoeStats
← DJstapie

Arabian Desert

509701517Analyzed
1v1 RM · 4d ago on Sep 27, 2026· 33m 39s· 2 players
Game mode
Random Map
Map size
Tiny (2 player)
Population
200
Speed
Normal
Resources
Standard
Victory
Conquest
Starting age
Dark Age
Ending age
Imperial Age
RankedLock teamsTeams togetherTeam positionsShared explorationLock speedFull tech treeHidden civsTurbo modeCheats
Victory
Defeat
🇨🇳 Spanish · China
462
+18
🇬🇧 Spanish · United Kingdom
511
-18
种过两年田
14:44 Loom
22:27 Feudal Age
22:56 Town Watch
23:03 Arson
22:48 Man-at-Arms
26:17 Forging
26:08 Scale Mail Armor
26:16 Double-Bit Axe
27:16 Fletching
DJstapie
7:39 Loom
13:12 Feudal Age
14:06 Double-Bit Axe
15:12 Man-at-Arms
17:58 Town Watch
Connection lost

Rejoining the realm…

Still unreachable

The connection could not be restored.

Session expired

The server has moved on; the page needs a fresh start.